 Dungeon Crawl Stone Soup version 0.27.1-34-g3ba077fa99 (webtiles) character file.

Game seed: 7305132091251017565

88252 EWolf27 the Bringer of Light (level 15, -14/92 HPs)
             Began as a Gargoyle Earth Elementalist on Jan 22, 2022.
             Was the Champion of the Shining One.
             Demolished by a two-headed ogre (21 damage)
             ... while paralysed by an ogre mage
             ... on level 2 of the Orcish Mines on Jan 25, 2022.
             The game lasted 03:04:56 (47783 turns).

EWolf27 the Bringer of Light (GrEE)                Turns: 47783, Time: 03:04:57

Health: -14/92     AC: 28    Str: 13    XL:     15   Next: 93%
Magic:  28/28      EV:  2    Int: 29    God:    the Shining One [******]
Gold:   2267       SH:  0    Dex: 10    Spells: 24/32 levels left

rFire    . . .     SeeInvis .   Q - +3 eveningstar "Sum Teli" {venom, rElec rPois Str-3 Int+7}
rCold    + . .     Faith    .   T - +0 kite shield "Inuef" {Rampage Slay+5}
rNeg     + + +     Spirit   .   t - +4 scale mail {rC+}
rPois    ∞         Reflect  +   (no helmet)
rElec    +         Harm     .   (no cloak)
rCorr    .         Rampage  +   o - +2 pair of gloves of the Bull {+Blink Regen+ Int-2}
Will     +....                  M - +0 pair of boots {Stlth+}
Stlth    +.........             f - amulet of reflection
HPRegen  1.25/turn              F - +6 ring of intelligence
MPRegen  0.21/turn              E - ring of wizardry

@: paralysed, flying, glowing
A: sickness immunity, AC +11, big wings, negative energy resistance 1,
electricity resistance, torment resistance 1, petrification resistance
a: Renounce Religion, Evoke Blink, Divine Shield, Cleansing Flame, Summon Divine
Warrior


You were on level 2 of the Orcish Mines.
You worshipped the Shining One.
The Shining One was exalted by your worship.
You visited 4 branches of the dungeon, and saw 23 of its levels.
You also visited: Gauntlet.

You collected 3402 gold pieces.
You spent 1135 gold pieces at shops.

Inventory:

Hand Weapons
 a - a +2 whip of holy wrath
 Q - the +3 eveningstar "Sum Teli" (weapon) {venom, rElec rPois Str-3 Int+7}
   (You acquired it on level 6 of the Lair of Beasts)

   It poisons the flesh of those it strikes.
   Str:       It affects your strength (-3).
   Int:       It affects your intelligence (+7).
   rElec:     It insulates you from electricity.
   rPois:     It protects you from poison.
 S - the +9 battleaxe of True Grit {vorpal, rF- rN+ Will+ Dex+4}
   (You found it on level 1 of the Orcish Mines)

   It inflicts extra damage upon your enemies.
   Dex:       It affects your dexterity (+4).
   rF:        It makes you vulnerable to fire.
   rN:        It protects you from negative energy.
   Will:      It increases your willpower.
Missiles
 c - 493 stones
 x - 2 throwing nets
 I - 16 javelins (quivered)
Armour
 o - the +2 pair of gloves of the Bull (worn) {+Blink Regen+ Int-2}
   (You found it on level 8 of the Dungeon)

   Int:       It affects your intelligence (-2).
   +Blink:    It lets you blink.
   Regen:     It increases your rate of health regeneration.
 t - a +4 scale mail of cold resistance (worn)
 M - a +0 pair of boots of stealth (worn)
 T - the +0 kite shield "Inuef" (worn) {Rampage Slay+5}
   (You bought it in a shop on level 2 of the Orcish Mines)

   Slay:      It affects your accuracy & damage with ranged weapons and melee
   (+5).
   Rampage:   It bestows one free step when moving towards enemies.
Magical Staves
 d - a staff of conjuration
 R - a staff of earth
Jewellery
 f - an amulet of reflection (around neck)
 y - a ring of protection from fire
 D - a ring of resist corrosion
 E - a ring of wizardry (right hand)
 F - a +6 ring of intelligence (left hand)
Wands
 j - a wand of paralysis (12)
 k - a wand of digging (8)
 u - a wand of mindburst (15)
 v - a wand of polymorph (15)
 w - a wand of acid (8)
 C - a wand of flame (51)
Scrolls
 b - a scroll of magic mapping
 e - 3 scrolls of amnesia
 i - 2 scrolls of silence
 m - 4 scrolls of fog
 n - 4 scrolls of teleportation
 H - 3 scrolls of fear
 J - 2 scrolls of holy word
 K - a scroll of blinking
 N - 4 scrolls of identify
 P - a scroll of enchant weapon {unknown}
Potions
 g - a potion of resistance
 h - a potion of might
 l - 3 potions of lignification
 p - 5 potions of curing
 q - 3 potions of flight
 r - a potion of brilliance
 s - a potion of magic
 z - a potion of ambrosia
 A - 5 potions of heal wounds
 B - 4 potions of haste
 O - a potion of berserk rage {unknown}


   Skills:
 + Level 9.7 Fighting
 - Level 12.2 Maces & Flails
 - Level 10.0 Armour
 - Level 1.5 Dodging
 - Level 2.1 Stealth
 + Level 10.7 Shields
 - Level 9.0 Spellcasting
 + Level 8.0 Conjurations
 - Level 3.0 Transmutations
 - Level 12.0 Earth Magic
 + Level 13.0 Invocations


You had 24 spell levels left.
You knew the following spells:

 Your Spells              Type           Power      Damage    Failure   Level
a - Sandblast             Erth           100%       2d20      1%          1
b - Stone Arrow           Conj/Erth      100%       3d13      1%          3
c - Petrify               Tmut/Erth      54%        N/A       4%          4

Your spell library contained the following spells:

 Spells                   Type           Power      Damage    Failure   Level
 Magic Dart               Conj           100%       1d8       1%          1
 Passwall                 Tmut/Erth      45%        N/A       1%          2
 Animate Skeleton         Necr           26%        N/A       11%         1
 Apportation              Tloc           26%        N/A       11%         1
 Corona                   Hex            14%        N/A       11%         1
 Summon Small Mammal      Summ           52%        N/A       11%         1
 Mephitic Cloud           Conj/Pois/Air  28%        N/A       11%         3
 Call Imp                 Summ           13%        N/A       16%         2
 Ensorcelled Hibernation  Hex/Ice        26%        N/A       16%         2
 Spider Form              Tmut/Pois      10%        N/A       16%         3
 Gell's Gravitas          Tloc           6%         N/A       28%         3
 Inner Flame              Hex/Fire       13%        N/A       28%         3
 Teleport Other           Tloc           13%        N/A       28%         3
 Irradiate                Conj/Tmut      22%        3d21      28%         5
 Lightning Bolt           Conj/Air       18%        1d32      45%         5
 Blade Hands              Tmut           15%        N/A       58%         5
 Airstrike                Air            6%         N/A       65%         4
 Cause Fear               Hex            6%         N/A       65%         4
 Passage of Golubria      Tloc           N/A        N/A       65%         4
 Summon Lightning Spire   Summ/Air       13%        N/A       65%         4
 Silence                  Hex/Air        6%         N/A       93%         5
 Dispersal                Tloc           6%         N/A       100%        6
 Shadow Creatures         Summ           N/A        N/A       100%        6
 Dragon Form              Tmut           15%        N/A       100%        7
 Discord                  Hex            6%         N/A       100%        8
 Lehudib's Crystal Spear  Conj/Erth      31%        10d8      100%        8


Dungeon Overview and Level Annotations

Branches:
Dungeon (14/15)            Temple (1/1) D:6            Lair (6/6) D:9
  Swamp (0/4) Lair:4       Spider (0/4) Lair:4        Slime (0/5) Lair:5
    Orc (2/2) D:10            Elf (0/3) Orc:2       Gauntlet (visited)
 Vaults: D:13-14

Altars:
Ashenzari
Cheibriados
Dithmenos
Elyvilon
Fedhas
Gozag
Hepliaklqana
Kikubaaqudgha
Makhleb
Nemelex Xobeh
Okawaru
Qazlal
Ru
Sif Muna
Trog
Uskayaw
Vehumet
Wu Jian
Xom
Yredelemnul
Zin
The Shining One
Beogh
Jiyva

Shops:
D:3 *   D:4 [   D:6 !   D:8 [[   Orc:2 [:*

Portals:
Hell: Lair:6

Annotations:
D:8 3 runed translucent doors, makewrite's ghost, novice MiGl
D:9 3 runed translucent doors, Descartes's ghost, novice SpWn; Terracrafty's ghost, novice OgGl
D:14 Azrael
Lair:3 exclusion: 4 oklob plants
Lair:4 2 transporters, Zaegoraum's ghost, journeyman DsAK


Innate Abilities, Weirdness & Mutations

You are immune to sickness and miasma.
Your stone body is resilient. (AC +11)
You are immune to poison.
Your large and strong wings let you fly.
You resist negative energy. (rN+)
You are resistant to electric shocks. (rElec)
You are resistant to unholy torment.
You are immune to petrification.


Message History

The two-headed ogre barely misses you. You block the two-headed ogre's attack.
The two-headed ogre hits you but does no damage.
The ogre mage points at you and mumbles some strange words.
You suddenly lose the ability to move!
The two-headed ogre barely misses you.
The two-headed ogre hits you but does no damage.
The ogre mage hits you but does no damage.
The two-headed ogre hits you with a +0 giant club!
The two-headed ogre hits you but does no damage.
The two-headed ogre hits you with a +0 giant club!
The two-headed ogre hits you but does no damage.
The ogre mage hits you from afar with a +0 halberd.
The two-headed ogre hits you but does no damage.
The two-headed ogre hits you with a +0 giant club!
The two-headed ogre hits you but does no damage. x2
The two-headed ogre hits you with a +0 giant spiked club!
The two-headed ogre hits you with a +0 giant club.
The ogre mage hits you from afar with a +0 halberd.
The two-headed ogre hits you with a +0 giant club!
The two-headed ogre hits you with a +0 giant spiked club.
The two-headed ogre hits you with a +0 giant club!
* * * LOW HITPOINT WARNING * * *
The two-headed ogre hits you but does no damage.
The two-headed ogre hits you with a +0 giant club!
* * * LOW HITPOINT WARNING * * *
The two-headed ogre hits you with a +0 dire flail.
* * * LOW HITPOINT WARNING * * *
The two-headed ogre hits you but does no damage.
The two-headed ogre hits you with a +0 giant club.
* * * LOW HITPOINT WARNING * * *
The ogre mage hits you but does no damage.
The two-headed ogre hits you but does no damage. x4
The two-headed ogre hits you with a +0 giant club!
The Shining One protects you from harm!
The two-headed ogre hits you but does no damage.
The ogre mage hits you but does no damage.
The two-headed ogre hits you but does no damage. x2
The two-headed ogre hits you but does no damage.
The two-headed ogre hits you with a +0 giant spiked club!!
You die...

#.....#...##.........#
#.....##...##.....#.## ###
#.....###...#........###.##
#8...8####.∩#..##.#.###...#
#.....#..####........###.##
.....#................##.##
......#...............#...##
.........................#.##
...............O@#..........#
.....#.........OOO#......#..##
#..............OOO......#....##
...#..............#...........#
..................###...#.##.##
#.#........#......####...#####
##..................###.## #
...#..#.#..........####
.........#..........##


You could see 6 two-headed ogres and an ogre mage (invisible).

Vanquished Creatures
  2 orc warlords
  The ghost of duckroller the Severer, a journeyman HOMo of Beogh (Orc:1)
  A minotaur (Gauntlet)
  Snorg (D:10)
  Fannar (D:10)
  9 hydras
  5 boulder beetles
  2 centaur warriors
  8 two-headed ogres
  2 orc high priests (Orc:2)
  A tengu warrior (D:12)
  3 skeletal warriors
  A sixfirhy (Lair:6)
  Nergalle (Lair:2)
  A lindwurm (Lair:5)
  A wizard (Lair:6)
  A deep elf pyromancer (D:12)
  4 orc sorcerers (Orc:2)
  4 orc knights
  3 cyclopes
  12 elephants
  2 manticores
  An elephant (shapeshifter) (D:13)
  4 orange demons (Lair:6)
  4 black mambas
  2 torpor snails
  12 cane toads
  2 kobold demonologists (D:11)
  An unseen horror (D:11)
  A smoke demon (Lair:6)
  4 rime drakes
  Maggie (D:7)
  Psyche (D:8)
  11 komodo dragons
  A tengu conjurer (D:12)
  2 ice devils (Lair:6)
  2 polar bears
  8 trolls
  A hornet (shapeshifter) (D:13)
  A jumping spider (shapeshifter) (D:13)
  A raiju (Gauntlet)
  Prince Ribbit (D:7)
  11 slime creatures
  18 blink frogs
  15 dream sheep
  70 yaks
  5 wyverns
  8 basilisks
  A yak (shapeshifter) (D:13)
  A chaos spawn (Gauntlet)
  8 vampire mosquitoes
  2 steam dragons
  2 wargs
  17 water moccasins
  6 hell hounds
  37 orc warriors
  3 ice beasts (D:7)
  4 sky beasts
  3 black bears
  4 ogres
  6 centaurs
  10 wolves
  5 kobold brigands
  The ghost of HangedMan the Magician, an amateur OpWz (D:3)
  14 bullfrogs
  Blork the orc (Orc:2)
  A gnoll sergeant (D:8)
  A wyvern skeleton (D:4)
  3 scorpions
  A water moccasin skeleton (D:5)
  15 killer bees
  A jelly (D:6)
  14 wights
  3 howler monkeys
  An electric eel (D:9)
  A bullfrog zombie (D:5)
  2 centaur zombies
  6 hounds
  A gnoll shaman (D:6)
  22 orc priests
  An iguana (D:3)
  28 orc wizards
  A lightning spire (Gauntlet)
  A killer bee zombie (D:7)
  4 howler monkey zombies
  14 gnolls
  6 adders
  A white imp (D:7)
  An ufetubus (D:5)
  3 worms
  4 dart slugs
  64 orcs
  4 endoplasms
  A giant cockroach (D:2)
  6 hobgoblins
  2 jackals (D:2)
  18 kobolds
  11 ball pythons
  8 bats
  3 frilled lizards
  10 goblins
  8 rats
650 creatures vanquished.

Vanquished Creatures (others)
  A kobold (D:11)
  44 fungi
  42 plants
87 creatures vanquished.

Grand Total: 737 creatures vanquished

Notes
Turn   | Place    | Note
-------+----------+-------------------------------------------
     0 | D:1      | EWolf27 the Gargoyle Earth Elementalist began the quest for
                  | the Orb.
     0 | D:1      | Reached XP level 1. HP: 10/10 MP: 3/3
   452 | D:1      | Reached XP level 2. HP: 16/16 MP: 3/5
  1257 | D:1      | Found a faded altar of an unknown god.
  1438 | D:1      | Reached skill level 1 in Fighting
  1756 | D:1      | Reached XP level 3. HP: 9/20 MP: 6/6
  2558 | D:2      | Learned a level 3 spell: Stone Arrow
  3373 | D:2      | Reached skill level 1 in Conjurations
  3634 | D:2      | Reached XP level 4. HP: 8/25 MP: 5/7
  5316 | D:3      | Reached skill level 1 in Maces & Flails
  5321 | D:3      | Reached skill level 5 in Earth Magic
  5380 | D:3      | Reached XP level 5. HP: 30/30 MP: 4/8
  5419 | D:3      | Noticed a black bear
  5428 | D:3      | Killed a black bear
  5599 | D:3      | Found a runed translucent door.
  5600 | D:3      | Noticed HangedMan's ghost (amateur OpWz)
  5876 | D:3      | Found Diuxtao's General Store.
  5900 | D:3      | Bought a scroll of identify for 22 gold pieces
  5900 | D:3      | Bought a scroll of teleportation for 33 gold pieces
  5970 | D:3      | Found a white marble altar of Elyvilon.
  5993 | D:3      | Reached XP level 6. HP: 8/35 MP: 2/10
  6243 | D:3      | Became a worshipper of Elyvilon the Healer
  6895 | D:4      | Found Tileo's Armour Shoppe.
  6932 | D:4      | Noticed a steam dragon
  6947 | D:4      | Killed a steam dragon
  7092 | D:4      | Found a glowing silver altar of Zin.
  7118 | D:4      | Reached * piety under Elyvilon
  7200 | D:4      | Reached XP level 7. HP: 25/40 MP: 10/12
  7942 | D:5      | Entered Level 5 of the Dungeon
  8498 | D:5      | Found a shadowy altar of Dithmenos.
  8513 | D:5      | Reached ** piety under Elyvilon
  9218 | D:6      | Reached XP level 8. HP: 21/44 MP: 6/13
  9388 | D:6      | Noticed a two-headed ogre
 10214 | D:6      | Reached skill level 5 in Spellcasting
 10236 | D:6      | Killed a two-headed ogre
 10237 | D:6      | Reached skill level 5 in Conjurations
 10237 | D:6      | Reached XP level 9. HP: 15/48 MP: 0/16
 10570 | D:6      | Reached skill level 5 in Maces & Flails
 10875 | D:6      | Found Galyodghe's Distillery.
 10969 | D:6      | Bought a potion of heal wounds for 60 gold pieces
 10969 | D:6      | Bought a potion of curing for 36 gold pieces
 11024 | D:7      | Reached *** piety under Elyvilon
 11310 | D:6      | Found a staircase to the Ecumenical Temple.
 11320 | Temple   | Entered the Ecumenical Temple
 11346 | Temple   | Fell from the grace of Elyvilon
 11346 | Temple   | Became a worshipper of the Shining One
 11346 | Temple   | Reached * piety under the Shining One
 11636 | D:6      | Found a burning altar of Makhleb.
 11647 | D:6      | Found an ornate altar of the Wu Jian Council.
 12057 | D:7      | Reached ** piety under the Shining One
 13231 | D:7      | Reached XP level 10. HP: 40/56 MP: 8/17
 13746 | D:7      | Noticed Maggie
 13769 | D:7      | Killed Maggie
 13770 | D:7      | Reached skill level 5 in Armour
 13770 | D:7      | Reached skill level 10 in Earth Magic
 13895 | D:7      | Noticed Prince Ribbit
 13902 | D:7      | Killed Prince Ribbit
 15065 | D:8      | Found Makikhlu's Antique Armour Shoppe.
 15106 | D:8      | Reached skill level 5 in Fighting
 16604 | D:8      | Reached *** piety under the Shining One
 16646 | D:8      | Noticed Psyche
 16653 | D:8      | Killed Psyche
 16880 | D:8      | Found Kech's Armour Emporium.
 17023 | D:8      | Found a runed translucent gate.
 17023 | D:8      | Found a runed translucent gate.
 17029 | D:8      | Found a runed translucent gate.
 17091 | D:8      | Bought a shiny scale mail for 154 gold pieces
 17396 | D:8      | Reached XP level 11. HP: 63/64 MP: 18/18
 17399 | D:8      | Identified the +2 pair of gloves of the Bull {+Blink Regen+
                  | Int-2}
 17591 | D:8      | Found a viscous altar of Jiyva.
 17591 | D:8      | Noticed makewrite's ghost (novice MiGl)
 17660 | D:8      | Reached skill level 1 in Invocations
 17853 | D:8      | Noticed a cyclops
 17866 | D:8      | Killed a cyclops
 18544 | D:3      | Killed HangedMan's ghost
 18715 | D:9      | Found a runed translucent gate.
 18716 | D:9      | Found a runed translucent gate.
 18716 | D:9      | Found a runed translucent gate.
 18717 | D:9      | Noticed Descartes's ghost (novice SpWn)
 18718 | D:9      | Noticed Terracrafty's ghost (novice OgGl)
 18878 | D:9      | Found a radiant altar of Vehumet.
 19232 | D:9      | Reached skill level 2 in Invocations
 19923 | D:9      | Found a staircase to the Lair.
 20273 | D:9      | Noticed a two-headed ogre
 20280 | D:9      | Killed a two-headed ogre
 21329 | D:10     | Entered Level 10 of the Dungeon
 21378 | D:10     | Reached skill level 3 in Invocations
 21583 | D:10     | Noticed Snorg
 21594 | D:10     | Killed Snorg
 22084 | D:10     | Reached **** piety under the Shining One
 22090 | D:10     | Reached XP level 12. HP: 72/72 MP: 4/21
 22317 | D:10     | Learned a level 4 spell: Petrify
 22483 | D:10     | Noticed Fannar
 22512 | D:10     | Reached skill level 4 in Invocations
 22517 | D:10     | Killed Fannar
 22726 | D:10     | Found a staircase to the Orcish Mines.
 23408 | D:11     | Noticed a soul eater
 24169 | D:11     | Noticed a boulder beetle
 24357 | D:11     | Reached skill level 5 in Invocations
 24512 | D:11     | Killed a boulder beetle
 24879 | D:12     | Noticed a two-headed ogre
 24883 | D:12     | Killed a two-headed ogre
 24951 | D:12     | Found a stormy altar of Qazlal.
 25490 | D:12     | Noticed a two-headed ogre
 25501 | D:12     | Killed a two-headed ogre
 25502 | D:12     | Reached skill level 6 in Invocations
 26003 | D:12     | Noticed a tengu warrior
 26048 | D:12     | Killed a tengu warrior
 26053 | D:12     | Reached skill level 7 in Invocations
 26301 | D:12     | Reached XP level 13. HP: 78/78 MP: 9/22
 26559 | D:12     | Reached skill level 10 in Maces & Flails
 26999 | D:13     | Reached skill level 10 in Armour
 27219 | D:12     | Reached skill level 1 in Shields
 27405 | D:13     | Reached skill level 8 in Invocations
 27523 | D:14     | Reached ***** piety under the Shining One
 28731 | D:13     | Reached skill level 9 in Invocations
 29665 | D:14     | Reached skill level 5 in Shields
 29882 | D:14     | Noticed Azrael
 30083 | Lair:1   | Entered Level 1 of the Lair of Beasts
 30335 | Lair:1   | Found a gate leading to a gauntlet.
 30351 | Gauntlet | Entered a Gauntlet
 30351 | Gauntlet | Found a transporter.
 30360 | Gauntlet | Found a transporter.
 30375 | Gauntlet | Found a transporter.
 30380 | Gauntlet | Found a transporter.
 30389 | Gauntlet | Noticed a stone giant
 30389 | Gauntlet | Noticed an eleionoma
 30389 | Gauntlet | a stone giant changed into an eleionoma
 30394 | Gauntlet | Noticed a dire elephant
 30394 | Gauntlet | an eleionoma changed into a dire elephant
 30395 | Gauntlet | Found a transporter.
 30401 | Gauntlet | Noticed a frost giant
 30401 | Gauntlet | a dire elephant changed into a frost giant
 30402 | Gauntlet | Noticed a shadow dragon
 30402 | Gauntlet | a frost giant changed into a shadow dragon
 30404 | Gauntlet | Noticed a golden dragon
 30404 | Gauntlet | a shadow dragon changed into a golden dragon
 30408 | Gauntlet | Noticed a caustic shrike
 30408 | Gauntlet | a golden dragon changed into a caustic shrike
 30412 | Gauntlet | Noticed an iron giant
 30412 | Gauntlet | a caustic shrike changed into an iron giant
 30414 | Gauntlet | Found a transporter.
 30415 | Gauntlet | Noticed an iron dragon
 30415 | Gauntlet | an iron giant changed into an iron dragon
 30416 | Gauntlet | Noticed a caustic shrike
 30416 | Gauntlet | an iron dragon changed into a caustic shrike
 30426 | Gauntlet | Found a transporter.
 30438 | Gauntlet | Found a transporter.
 30450 | Gauntlet | Found a transporter.
 30459 | Gauntlet | Noticed an entropy weaver
 30462 | Gauntlet | Found a transporter.
 30484 | Gauntlet | Found a transporter.
 30501 | Gauntlet | Found a transporter.
 30503 | Gauntlet | Found a transporter.
 30536 | Gauntlet | Found a transporter.
 30538 | Gauntlet | Found a transporter.
 30540 | Gauntlet | Found a transporter.
 30591 | Gauntlet | Noticed a quicksilver dragon
 30594 | Gauntlet | Noticed a fenstrider witch
 30594 | Gauntlet | a quicksilver dragon changed into a fenstrider witch
 30599 | Gauntlet | Noticed a quicksilver dragon
 30599 | Gauntlet | a fenstrider witch changed into a quicksilver dragon
 30602 | Gauntlet | Noticed a fire giant
 30602 | Gauntlet | a quicksilver dragon changed into a fire giant
 30609 | Gauntlet | Noticed a dire elephant
 30609 | Gauntlet | a fire giant changed into a dire elephant
 30610 | Gauntlet | a dire elephant changed into a catoblepas
 30662 | Gauntlet | Found a transporter.
 30783 | Gauntlet | Found a transporter.
 31167 | Gauntlet | Noticed a minotaur
 31173 | Gauntlet | Killed a minotaur
 31404 | Lair:1   | Reached skill level 10 in Invocations
 31459 | Lair:1   | Gained mutation: Your large and strong wings let you fly.
                  | [Gargoyle growth]
 31459 | Lair:1   | Reached XP level 14. HP: 84/84 MP: 7/23
 33942 | Lair:2   | Noticed Nergalle
 33950 | Lair:2   | Killed Nergalle
 36309 | Lair:3   | You are sucked into a shaft and drop 1 floor!
 36443 | Lair:3   | Reached skill level 11 in Invocations
 36771 | Lair:3   | Reached skill level 1 in Transmutations
 38462 | Lair:4   | Found a hole to the Spider Nest.
 38521 | Lair:4   | Found a transporter.
 38526 | Lair:4   | Noticed Zaegoraum's ghost (journeyman DsAK)
 38534 | Lair:4   | Found a transporter.
 39089 | Lair:4   | Found a staircase to the Swamp.
 41187 | Lair:5   | Identified the +0 falchion of the Mouth {vorpal, Str+3}
 41308 | Lair:5   | Found a staircase to the Slime Pits.
 41547 | Lair:6   | Entered Level 6 of the Lair of Beasts
 42015 | Lair:6   | Reached XP level 15. HP: 88/88 MP: 19/26
 42789 | Lair:6   | Reached skill level 12 in Invocations
 43933 | Lair:6   | Found a burning altar of Makhleb.
 43934 | Lair:6   | Reached ****** piety under the Shining One
 44095 | Lair:6   | Found a gateway to Hell.
 44115 | Lair:6   | Identified a +2 whip of holy wrath (a +0 whip of protection
                  | blessed by the Shining One)
 44115 | Lair:6   | Received a gift from the Shining One
 45088 | Lair:6   | Identified 3 scrolls of acquirement
 45088 | Lair:6   | Acquired the +3 eveningstar "Sum Teli" {venom, rElec rPois
                  | Str-3 Int+7}
 45089 | Lair:6   | Acquired a staff of earth
 45090 | Lair:6   | Acquired 963 gold pieces
 45260 | Orc:1    | Entered Level 1 of the Orcish Mines
 45511 | Orc:1    | Reached skill level 10 in Shields
 45729 | Orc:1    | Found a runed translucent door.
 45770 | Orc:1    | Noticed duckroller's ghost (journeyman HOMo)
 45918 | Orc:1    | Killed duckroller's ghost
 46031 | Orc:1    | Identified the +9 battleaxe of True Grit {vorpal, rF- rN+
                  | Will+ Dex+4}
 46200 | Orc:2    | Entered Level 2 of the Orcish Mines
 46325 | Orc:2    | Found a staircase to the Elven Halls.
 46452 | Orc:2    | Noticed an orc warlord
 46494 | Orc:2    | Killed an orc warlord
 46697 | Orc:2    | Noticed an orc warlord
 46887 | Orc:1    | Killed an orc warlord
 47224 | Orc:2    | Noticed Blork the orc
 47234 | Orc:2    | Killed Blork the orc
 47450 | Orc:2    | Found Veekh's Antique Armour Emporium.
 47468 | Orc:2    | Reached skill level 13 in Invocations
 47497 | Orc:2    | Bought a translucent kite shield for 190 gold pieces
 47497 | Orc:2    | Identified the +0 kite shield "Inuef" {Rampage Slay+5} (You
                  | bought it in a shop on level 2 of the Orcish Mines)
 47522 | Orc:2    | Found Seheo's Antique Weapon Emporium.
 47558 | Orc:2    | Found Hatal's General Store.
 47582 | Orc:2    | Found Joox's Book Emporium.
 47593 | Orc:2    | Bought a book of the Moon for 640 gold pieces
 47777 | Orc:2    | Paralysed by an ogre mage for 7 turns
 47782 | Orc:2    | The Shining One protects you from harm!
 47783 | Orc:2    | Demolished by a two-headed ogre

Illustrated notes

Levels and vault maps discovered:
D:1:      sevenhm_arrival_forest_fort_large_1, layout_basic,
          hellmonk_ecumenical_altar_blasted
D:2:      layout_basic, minmay_fractal_squares_gapless_5
D:3:      layout_basic, mainiacjoe_overflow_six_doors_small, serial_shops,
          nicolae_shop_stone, gammafunk_ghost_grave, kennysheep_pointless_box
D:4:      layout_cave_pools, lemuel_crystal_altar, chequers_serial_rivers_marsh,
          kennysheep_windowed_goal
D:5:      black_bear_nest_1, layout_basic, old_standard_altar, solitary_fountain
D:6:      layout_loops_ring, amethyst_overflow_temple_binary,
          minmay_temple_entry_nine_rooms, serial_shops, shop
D:7:      minmay_polygon_palace, layout_cave_pools,
          hangedman_abyss_or_decor_lesser_grid, uniq_maggie, uniq_prince_ribbit1
D:8:      layout_layer_cave, serial_shops, shop, shop, gammafunk_ghost_ooze,
          grunt_ministairs_6, uniq_psyche
D:9:      layout_cave_pods, vehumet_crystals, erik_lair_island,
          gammafunk_ghost_cemetery
D:10:     layout_loops_cross, minmay_orc_entry_temple_small, uniq_fannar,
          uniq_snorg
D:11:     layout_long_grid, chequers_serial_rivers_micro_b
D:12:     layout_long_grid, minmay_misc_feat_secret_circle,
          grunt_qazlal_sundering
D:13:     layout_cave_pools, minmay_splitting_lines
D:14:     layout_long_grid, grunt_vaults_entry_tiered, serial_rivers,
          chequers_serial_rivers_room_a, chequers_serial_rivers_marsh,
          chequers_serial_rivers_micro_a, chequers_serial_rivers_room_b,
          chequers_serial_rivers_large_a, chequers_serial_rivers_small_3,
          uniq_azrael
Temple:   nicolae_temple_elliptical
Lair:1:   layout_cave_pods, gauntlet_entry_generic, st_stairs_9,
          grunt_megastairs_1, lemuel_fruit_tree
Lair:2:   layout_cave_shapes, st_stairs_12, uniq_nergalle
Lair:3:   layout_cave_pods, st_stairs_9, grunt_megastairs_3,
          infiniplex_staircase_pool_2, minmay_lair_oklob_chamber
Lair:4:   layout_cave_pods, swamp_mist, spider_nest_entry_web_field,
          gammafunk_ghost_arena, grunt_megastairs_4
Lair:5:   layout_regular_city, slime_dummy
Lair:6:   evil_forest, layout_loops_ring, columned_hall_lemuel
Orc:1:    layout_diamond_mine, basic_altar, ebering_ghost_reflecting_pool
Orc:2:    grunt_orc_cross, layout_caves, basic_altar

Skill      XL: |  1  2  3  4  5  6  7  8  9 10 11 12 13 14 15 |
---------------+----------------------------------------------+-----
Earth Magic    | 4 5 6 7 8 9 10 11 12 | 12.0
Fighting       | 1 2 3 6 7 8 9 |  9.7
Conjurations   | 1 2 3 5 6 8 |  8.0
Maces & Flails | 1 2 3 4 5 7 8 9 11 12 | 12.2
Spellcasting   | 3 5 6 7 9 |  9.0
Armour         | 2 4 6 7 9 10 | 10.0
Invocations    | 3 7 10 11 13 | 13.0
Shields        | 5 8 10 | 10.7
Transmutations | 3 |  3.0
Dodging        | |  1.5
Stealth        | |  2.1

Action                   |  1- 3 |  4- 6 |  7- 9 | 10-12 | 13-15 || total
-------------------------+-------+-------+-------+-------+-------++-------
Melee: Club              |    37 |       |       |       |       ||    37
       Whip              |    85 |   151 |   291 |   828 |   869 ||  2224
       Eveningstar       |       |       |       |       |   436 ||   436
Throw: Javelin           |       |       |       |       |     1 ||     1
 Cast: Sandblast         |    28 |    51 |    58 |    33 |    61 ||   231
       Stone Arrow       |       |       |    36 |   223 |   462 ||   721
Invok: Cleansing Flame   |       |       |       |       |     5 ||     5
       Brand Weapon With |       |       |       |       |     1 ||     1
Evoke: Wand              |       |       |       |     8 |    17 ||    25
  Use: Scroll            |       |     1 |    10 |     9 |     9 ||    29
       Potion            |       |       |       |       |     1 ||     1
 Stab: Sleeping          |     2 |     2 |       |       |       ||     4
Armor: Robe              |     4 |       |       |       |       ||     4
       Leather armour    |    54 |    71 |   144 |     7 |       ||   276
       Steam dragon scal |       |       |       |    66 |       ||    66
       Scale mail        |       |       |       |   384 |   819 ||  1203
Dodge: Dodged            |    90 |   101 |   194 |   286 |   522 ||  1193
Block: Other             |    24 |    39 |    81 |   154 |    53 ||   351
       Reflection        |     1 |     1 |     1 |     7 |     9 ||    19
       Buckler           |       |       |       |       |   607 ||   607
       Kite shield       |       |       |       |       |    13 ||    13
